 Dungeon Crawl Stone Soup version 0.28-a0-1167-g616b1c6417 (webtiles) character file.

Game seed: 12113366492183399537

1860 ChaosChampion the Thaumaturge (level 8, 0/41 HPs)
             Began as a Deep Elf Conjurer on Dec 16, 2021.
             Was a Follower of Vehumet.
             Slain by Duvessa (18 damage)
             ... on level 5 of the Dungeon.
             The game lasted 00:09:52 (6776 turns).

ChaosChampion the Thaumaturge (Deep Elf Conjurer)   Turns: 6776, Time: 00:09:52

Health: 0/41       AC:  5    Str:  8    XL:     8   Next: 89%
Magic:  24/33      EV: 13    Int: 26    God:    Vehumet [*.....]
Gold:   211        SH:  0    Dex: 19    Spells: 16/27 levels left

rFire   . . .      SeeInvis .   (no weapon)
rCold   . . .      Faith    .   (no shield)
rNeg    . . .      Spirit   .   a - +0 robe
rPois   .          Reflect  .   (no helmet)
rElec   .          Harm     .   k - +1 cloak {rCorr}
rCorr   +          Rampage  .   d - +0 pair of gloves
Will    .....                   (no boots)
Stlth   ++........              (no amulet)
HPRegen 0.13/turn               u - ring of magical power
MPRegen 0.23/turn               e - ring "Ugruin" {Str+4 Dex+6}

@: lethally poisoned (0 -> -3)
A: no striking features
a: Renounce Religion


You were on level 5 of the Dungeon.
You worshipped Vehumet.
Vehumet was aware of your devotion.
You visited 2 branches of the dungeon, and saw 6 of its levels.

You collected 211 gold pieces.

Inventory:

Missiles
 v - 2 throwing nets
Armour
 a - a +0 robe (worn)
 d - a +0 pair of gloves (worn)
 k - a +1 cloak of preservation (worn)
Jewellery
 e - the ring "Ugruin" (right hand) {Str+4 Dex+6}
   (You found it on level 4 of the Dungeon)

   [ring of dexterity]

   Str:       It affects your strength (+4).
   Dex:       It affects your dexterity (+6).
 u - a ring of magical power (left hand)
 w - a ring of poison resistance
 x - a +6 ring of intelligence
Wands
 f - a wand of acid (9)
 j - a wand of polymorph (10)
 l - a wand of iceblast (12)
 m - a wand of flame (34)
Scrolls
 h - 3 scrolls of immolation
 n - a scroll of identify
 A - a scroll of enchant armour
Potions
 c - 2 potions of might
 i - a potion of curing {unknown}
 o - a potion of heal wounds {unknown}
 p - a potion of cancellation {unknown}
 q - 2 potions of attraction {unknown}
 r - a potion of resistance {unknown}
 s - 3 potions of ambrosia {unknown}
 z - a potion of invisibility {unknown}


   Skills:
 - Level 2.4 Dodging
 - Level 2.4 Stealth
 + Level 10.0 Spellcasting
 + Level 9.2 Conjurations
 - Level 4.0 Hexes
 - Level 4.0 Translocations


You had 16 spell levels left.
You knew the following spells:

 Your Spells              Type           Power      Damage    Failure   Level
a - Magic Dart            Conj           100%       1d8       1%          1
b - Searing Ray           Conj           100%       2d8       1%          2
c - Fulminant Prism       Conj/Hex       23%        3d13      3%          4
d - Iskenderun's Mystic   Conj/Tloc      47%        2d10      3%          4

Your spell library contained the following spells:

 Spells                   Type           Power      Damage    Failure   Level
 Freeze                   Ice            52%        1d7       4%          1
 Slow                     Hex            100%       N/A       1%          1
 Dazzling Flash           Conj/Hex       94%        N/A       1%          3
 Confusing Touch          Hex            33%        N/A       2%          3
 Vampiric Draining        Necr           13%        2d6       14%         3


Dungeon Overview and Level Annotations

Branches:
Dungeon (5/15)             Temple (1/1) D:4

Altars:
Ashenzari
Cheibriados
Dithmenos
Elyvilon
Fedhas
Gozag
Hepliaklqana
Makhleb
Nemelex Xobeh
Okawaru
Qazlal
Sif Muna
Trog
Uskayaw
Vehumet
Wu Jian
Xom
Yredelemnul
Zin
The Shining One

Annotations:
D:5 Duvessa


Message History

Confirm with . or Enter, or press ? or * to list all spells.
Aiming: Searing Ray (safe; 1% risk of failure)
Press: ? - help, Shift-Dir - straight line, f - Duvessa
Aim: Duvessa, wielding a +2 short sword of venom and wearing a +0 ring mail (berserk, 87% to hit)
The searing ray misses Duvessa. (Press . to maintain the ray.)
The searing ray hits Duvessa.
Duvessa is lightly wounded.
Duvessa closely misses you.
The searing ray hits Duvessa!
Duvessa is moderately wounded.
Duvessa barely misses you. Duvessa closely misses you.
Casting: Searing Ray (safe; 1% risk of failure)
Confirm with . or Enter, or press ? or * to list all spells.
Restarting spell: Searing Ray (safe; 1% risk of failure)
Press: ? - help, Shift-Dir - straight line, f/p - Duvessa
Aim: Duvessa, wielding a +2 short sword of venom and wearing a +0 ring mail (moderately wounded, berserk, 87% to hit)
The searing ray hits Duvessa.
Duvessa is moderately wounded. (Press . to maintain the ray.) Duvessa barely misses you.
The searing ray hits Duvessa!
Duvessa is heavily wounded.
Duvessa hits you with a +2 short sword of venom!!
Duvessa barely misses you.
Casting: Searing Ray (safe; 1% risk of failure)
Confirm with . or Enter, or press ? or * to list all spells.
Restarting spell: Searing Ray (safe; 1% risk of failure)
Press: ? - help, Shift-Dir - straight line, f/p - Duvessa
Aim: Duvessa, wielding a +2 short sword of venom and wearing a +0 ring mail (heavily wounded, berserk, 87% to hit)
The searing ray hits Duvessa.
Duvessa is severely wounded. (Press . to maintain the ray.) Duvessa hits you with a +2 short sword of venom.
You are poisoned.
The searing ray hits Duvessa!
Duvessa is almost dead.
You feel sick.
Duvessa hits you with a +2 short sword of venom!!
You die...

##....## ##.## #......#####.(#
#########.......##..##
.......###...#...(### .......#
##...##### .......## #...##
##### ..<.....###....##
##...## #....##.e...)..[##
#.)...##
###..####.>....e@#####..###.##
#..# ##...###.......## ##.##
#..# ##..# ###.....# ##.# #.##
#.## ####### ### #..# #.# #..#
#.# ###..# #.# .##..# #.#
..#..#


You could see Duvessa (berserk).

Vanquished Creatures
  Pikel (D:5)
  Grinder (D:5)
  Sigmund (D:5)
  A water moccasin (D:5)
  A necrophage (D:5)
  2 ogres (D:5)
  2 lemures (D:5)
  A scorpion (D:5)
  Dowan (D:5)
  A howler monkey (D:4)
  4 hounds
  3 orc priests
  Crazy Yiuf (D:3)
  A jelly (D:5)
  2 iguanas
  Jessica (D:2)
  Ijyb (D:3)
  A hound skeleton (D:4)
  4 gnolls (D:5)
  3 adders
  2 worms
  5 dart slugs
  11 orcs
  6 ball pythons
  7 bats
  8 endoplasms
  2 giant cockroaches
  6 goblins
  8 hobgoblins
  4 jackals (D:2)
  A quokka (D:1)
  4 frilled lizards
  4 kobolds
  2 rats (D:2)
  3 fulminant prisms (D:5)
106 creatures vanquished.

Vanquished Creatures (others)
  4 fulminant prisms (D:5)
4 creatures vanquished.

Grand Total: 110 creatures vanquished

Notes
Turn   | Place    | Note
-------+----------+-------------------------------------------
     0 | D:1      | ChaosChampion the Deep Elf Conjurer began the quest for the
                  | Orb.
     0 | D:1      | Reached XP level 1. HP: 10/10 MP: 6/6
   107 | D:1      | Found a faded altar of an unknown god.
   228 | D:1      | Reached XP level 2. HP: 15/15 MP: 6/8
   941 | D:2      | Reached skill level 4 in Spellcasting
   967 | D:2      | Learned a level 2 spell: Searing Ray
   971 | D:2      | Reached skill level 5 in Conjurations
   971 | D:2      | Reached XP level 3. HP: 19/19 MP: 5/10
  1085 | D:2      | Noticed Jessica
  1089 | D:2      | Killed Jessica
  1559 | D:2      | Reached XP level 4. HP: 24/24 MP: 9/12
  2197 | D:3      | Found a runed translucent door.
  2198 | D:3      | Noticed Crazy Yiuf
  2227 | D:3      | Noticed Ijyb
  2249 | D:3      | Killed Ijyb
  2250 | D:3      | Reached skill level 5 in Spellcasting
  2286 | D:3      | Learned a level 4 spell: Fulminant Prism
  2291 | D:3      | Learned a level 4 spell: Iskenderun's Mystic Blast
  2297 | D:3      | Killed Crazy Yiuf
  2298 | D:3      | Reached XP level 5. HP: 28/28 MP: 2/14
  2846 | D:3      | Reached skill level 6 in Spellcasting
  3413 | D:5      | Entered Level 5 of the Dungeon
  3425 | D:4      | Reached XP level 6. HP: 20/32 MP: 2/17
  3737 | D:4      | Found a staircase to the Ecumenical Temple.
  3745 | Temple   | Entered the Ecumenical Temple
  3954 | Temple   | Became a worshipper of Vehumet
  4128 | D:4      | Identified the ring "Ugruin" {Str+4 Dex+6}
  4369 | D:4      | Reached skill level 1 in Hexes
  4459 | D:4      | Reached skill level 1 in Translocations
  4808 | D:4      | Reached skill level 7 in Spellcasting
  5053 | D:5      | Noticed Pikel
  5067 | D:5      | Killed Pikel
  5068 | D:5      | Reached XP level 7. HP: 32/36 MP: 1/20
  5192 | D:5      | Reached XP level 8. HP: 41/41 MP: 7/21
  5234 | D:5      | Reached skill level 8 in Spellcasting
  5383 | D:5      | Noticed Duvessa
  5384 | D:5      | Noticed Dowan
  5384 | D:5      | Noticed Grinder
  5786 | D:5      | Noticed Sigmund
  5793 | D:5      | Killed Sigmund
  5810 | D:5      | Reached * piety under Vehumet
  5810 | D:5      | Offered knowledge of Freeze by Vehumet.
  5814 | D:5      | Reached skill level 9 in Spellcasting
  6449 | D:5      | Killed Grinder
  6749 | D:5      | Killed Dowan
  6750 | D:5      | Reached skill level 10 in Spellcasting
  6776 | D:5      | Slain by Duvessa

Illustrated notes

Levels and vault maps discovered:
D:1:      dpeg_cavernosity, layout_basic,
          dreamdust_ecumenical_altar_angels_and_demons
D:2:      layout_loops_ring, uniq_jessica
D:3:      layout_loops_ring, uniq_ijyb, uniq_crazy_yiuf_cottage
D:4:      layout_loops_ring, minmay_temple_entry_from_below_b,
          minmay_misc_feat_encased
D:5:      layout_layer_cave, uniq_duvessa, uniq_grinder, uniq_sigmund,
          uniq_pikel
Temple:   regret_index_temple_chain_breaker

Skill      XL: |  1  2  3  4  5  6  7  8 |
---------------+-------------------------+-----
Spellcasting   | 4 5 6 7 10 | 10.0
Conjurations   | 5 6 7 9 |  9.2
Hexes          | 4 |  4.0
Translocations | 3 4 |  4.0
Dodging        | |  2.4
Stealth        | |  2.4

Action                   |  1- 3 |  4- 6 |  7- 9 || total
-------------------------+-------+-------+-------++-------
Melee: Unarmed           |       |    12 |       ||    12
 Cast: Magic Dart        |    54 |    56 |    26 ||   136
       Searing Ray       |     2 |    41 |    22 ||    65
       Iskenderun's Myst |       |     3 |     7 ||    10
       Fulminant Prism   |       |     3 |     4 ||     7
  Use: Scroll            |       |     2 |     6 ||     8
 Stab: Confused          |       |     1 |       ||     1
Armor: Robe              |     2 |     5 |     1 ||     8
       Skin              |       |     3 |       ||     3
Dodge: Dodged            |     7 |    28 |    11 ||    46

Table legend: (Time is in decaauts)
 A = Elapsed time spent in this place.
 B = Non-inter-level travel time spent in this place.
 C = Inter-level travel time spent in this place.
 D = Time resting spent in this place.
 E = Time spent auto-exploring this place.
 F = Levels seen in this place.
 G = Mean time per level.
                   A        B        C        D        E       F      G
               +--------+--------+--------+--------+--------+-----+--------+
         Total |   6783 |   6616 |    167 |   1089 |   4667 |   6 | 1130.5 |
       Dungeon |   6551 |   6384 |    167 |   1089 |   4504 |   5 | 1310.2 |
        Temple |    231 |    231 |      0 |      0 |    163 |   1 |  231.0 |
               +--------+--------+--------+--------+--------+-----+--------+

Top non-repeatable levels by time:
     D:4: 1769 daAuts
     D:2: 1483 daAuts
     D:5: 1395 daAuts
     D:3: 1064 daAuts
     D:1: 838 daAuts
  Temple: 231 daAuts
